 Dungeon Crawl Stone Soup version 0.28.0 (webtiles) character file.

Game seed: 2773860703861294371

10 zeram the Sneak (level 2, 0/19 HPs)
             Began as an Octopode Brigand on Feb 5, 2022.
             Slain by Terence (11 damage)
             ... on level 2 of the Dungeon.
             The game lasted 00:00:40 (958 turns).

zeram the Sneak (Octopode Brigand)                   Turns: 958, Time: 00:00:41

Health: 0/19       AC:  1    Str: 10    XL:     2   Next: 20%
Magic:  2/2        EV: 12    Int: 19    God:
Gold:   49         SH:  0    Dex: 13    Spells: 1/1 levels left

rFire   . . .      SeeInvis .   a - +2 dagger
rCold   . . .      Faith    .   (no shield)
rNeg    + . .      Spirit   .   (helmet restricted)
rPois   +          Reflect  .   (no amulet)
rElec   .          Harm     .   d - ring of poison resistance
rCorr   .          Rampage  .   e - +6 ring of intelligence
Will    .....                   f - ring of positive energy
Stlth   ++++......              (no ring)
HPRegen 0.06/turn               (no ring)
MPRegen 0.08/turn               (no ring)
                                (no ring)
                                (no ring)

@: no status effects
A: almost no armour, amphibious, 8 rings, camouflage 1, gelatinous body 1,
(nimble swimmer 1), tentacles
a: no special abilities


You were on level 2 of the Dungeon.
You visited 1 branch of the dungeon, and saw 2 of its levels.

You collected 49 gold pieces.

Inventory:

Hand Weapons
 a - a +2 dagger (weapon)
Missiles
 b - 8 poisoned darts (quivered)
 c - 2 curare-tipped darts
Jewellery
 d - a ring of poison resistance (left tentacle)
 e - a +6 ring of intelligence (right tentacle)
 f - a ring of positive energy (on tentacle)
Scrolls
 g - a scroll of blinking {unknown}


   Skills:
 - Level 2.0 Fighting
 - Level 2.0 Short Blades
 - Level 2.0 Throwing
 - Level 1.0 Dodging
 + Level 6.1 Stealth


You had one spell level left.
You didn't know any spells.
Your spell library contained the following spells:

 Spells                   Type           Power      Damage    Failure   Level
 Magic Dart               Conj           0%         1d3       21%         1
 Blink                    Tloc           0%         N/A       30%         2
 Searing Ray              Conj           0%         2d4       30%         2
 Lesser Beckoning         Tloc           0%         N/A       52%         3
 Fulminant Prism          Conj/Hex       0%         3d6       90%         4
 Manifold Assault         Tloc           0%         N/A       99%         5


Dungeon Overview and Level Annotations

Branches:
Dungeon (2/15)

Altars:

Annotations:
D:2 Terence


Innate Abilities, Weirdness & Mutations

You cannot wear most types of armour.
You are amphibious.
You can wear up to eight rings at the same time.
Your skin changes colour to match your surroundings (Stealth+).
Your rubbery body absorbs attacks. (AC +1, EV +1)
((You are camouflaged when in or above water. (Stealth+)))
You have tentacles for arms and can constrict up to eight enemies at once.


Message History

Unknown command.
Done exploring.
Done exploring.
Done exploring.
(D) Dungeon
Where to? (? - help)
There is a stone staircase leading down here.
You climb downwards.
Found 26 gold pieces and a scroll of immolation.
Found a faded altar of an unknown god.
There is a stone staircase leading up here.
A giant cockroach comes into view.
A giant cockroach is nearby!
A giant cockroach is nearby!
A giant cockroach is nearby!
Terence the Incautious comes into view.
He is wielding a +0 flail.
Found a runed short sword.
You hit the giant cockroach. Your grab misses the giant cockroach.
The giant cockroach is severely wounded.
The giant cockroach barely misses you.
You hit the giant cockroach.
You kill the giant cockroach!
Terence shouts!
You hit Terence. You grab Terence.
Terence is lightly wounded.
You constrict Terence, but do no damage.
Terence closely misses you.
You hit Terence.
Terence is lightly wounded.
You constrict Terence, but do no damage.
Terence hits you with a +0 flail.
You hit Terence. You squeeze Terence.
Terence is heavily wounded.
You constrict Terence. Terence hits you with a +0 flail.
You hit Terence.
Terence is almost dead.
You constrict Terence, but do no damage.
Terence hits you with a +0 flail!
Ouch! That really hurt!
You die...

#....$.....#
#.#....#...#
#.#........#
#.$........# ..
#..#..._..#....
##..............#
#..#..##.##.....#
#...............#
#...#.@.#.##....#
#....@..........#
#....)..........#
#..#.###.######.#
## .. .. ### ###


You could see Terence.

Vanquished Creatures
  2 bats (D:1)
  2 giant cockroaches
  A hobgoblin (D:1)
  2 jackals (D:1)
  A frilled lizard (D:1)
  A rat (D:1)
9 creatures vanquished.

Notes
Turn   | Place    | Note
-------+----------+-------------------------------------------
     0 | D:1      | zeram the Octopode Brigand began the quest for the Orb.
     0 | D:1      | Reached XP level 1. HP: 14/14 MP: 1/1
   401 | D:1      | Reached XP level 2. HP: 10/19 MP: 2/2
   603 | D:1      | Reached skill level 6 in Stealth
   940 | D:2      | Found a faded altar of an unknown god.
   948 | D:2      | Noticed Terence
   958 | D:2      | Slain by Terence

Illustrated notes

Levels and vault maps discovered:
D:1:      dpeg_arrival_rooms_a, layout_basic
D:2:      layout_basic, serial_corexii_hall, corexii_hall_statues_u,
          corexii_hall_statues_l, chequers_hall_statues_y,
          corexii_hall_statues_deadend, basic_altar,
          hellmonk_ecumenical_altar_blasted, uniq_terence

Skill      XL: |  1  2 |
---------------+-------+-----
Stealth        | 6 |  6.1
Fighting       | |  2.0
Short Blades   | |  2.0
Throwing       | |  2.0
Dodging        | |  1.0

Action                   || total
-------------------------++-------
Melee: Dagger            ||    18
       Tentacles         ||     4
       Constrict         ||     3
 Stab: Sleeping          ||     4
Dodge: Dodged            ||     7
